 Dungeon Crawl Stone Soup version 0.21.1-1-g345015fe64 (webtiles) character file.

14443 Gargoyl the Cleaver (level 11, -1/92 HPs)
             Began as a Centaur Abyssal Knight on May 4, 2018.
             Was a Priest of Lugonu.
             Slain by a black mamba (9 damage)
             ... on level 3 of the Lair of Beasts on May 5, 2018.
             The game lasted 00:26:54 (14239 turns).

Gargoyl the Cleaver (Centaur Abyssal Knight)       Turns: 14239, Time: 00:26:55

Health: -1/92      AC: 18    Str: 16    XL:     11   Next: 88%
Magic:  17/17      EV:  4    Int: 11    God:    Lugonu [***...]
Gold:   864        SH:  0    Dex: 11    Spells: 10/10 levels left

rFire    . . .     SeeInvis .   f - +2 battleaxe
rCold    . . .     Gourm    .   (shield currently unavailable)
rNeg     + . .     Faith    .   u - +3 plate armour {MR+}
rPois    +         Spirit   .   n - +2 helmet
rElec    .         Reflect  .   (no cloak)
rCorr    .         Harm     .   (no gloves)
MR       +....                  (no barding)
Stlth    ..........             m - amulet of regeneration
HPRegen  0.65/turn              b - ring of positive energy
MPRegen  0.15/turn              i - ring of poison resistance

@: lethally poisoned (-1 -> -6), very quick
A: large, hooves 3, deformed body, speed 2, tough skin 3
a: Depart the Abyss, Bend Space, Banish, Renounce Religion


You were on level 3 of the Lair of Beasts.
You worshipped Lugonu.
Lugonu was most pleased with you.
You were not hungry.

You visited 2 branches of the dungeon, and saw 12 of its levels.
You visited the Abyss 1 time.

You collected 900 gold pieces.
You spent 36 gold pieces at shops.

Inventory:

Hand Weapons
 a - a +2 hand axe
 f - a +2 battleaxe (weapon)
Missiles
 g - 11 javelins (quivered)
Armour
 n - a +2 helmet (worn)
 u - a +3 plate armour of magic resistance (worn)
Jewellery
 b - a ring of positive energy (left hand)
 d - an uncursed ring of flight
 i - a ring of poison resistance (right hand)
 j - an uncursed ring of positive energy
 m - an amulet of regeneration (around neck)
 w - an uncursed ring of protection from fire
 G - an uncursed ring of protection from cold
Wands
 r - a wand of acid (9)
 z - a wand of polymorph (12)
 C - a wand of flame (50)
Scrolls
 e - 9 scrolls of remove curse
 h - 2 scrolls of amnesia
 k - a scroll of identify
 p - 10 scrolls of teleportation
 y - 2 scrolls of fear
 E - a scroll of blinking
Potions
 l - a potion of agility
 o - a potion of resistance
 q - a potion of magic
 s - a potion of flight
 t - 3 potions of haste
 x - a potion of brilliance
 I - a potion of curing
Books
 v - a book of Minor Magic

   Spells                             Type                      Level
   a - Magic Dart                     Conjuration                  1
   b - Blink                          Translocation                2
   c - Call Imp                       Summoning                    2
   d - Slow                           Hexes                        2
   e - Conjure Flame                  Conjuration/Fire             3
   f - Mephitic Cloud                 Conjuration/Poison/Air       3
 A - a book of Maledictions

   Spells                             Type                      Level
   a - Corona                         Hexes                        1
   b - Ensorcelled Hibernation        Hexes/Ice                    2
   c - Confuse                        Hexes                        3
   d - Tukima's Dance                 Hexes                        3
   e - Dazzling Spray                 Conjuration/Hexes            3
 D - a book of Debilitation

   Spells                             Type                      Level
   a - Corona                         Hexes                        1
   b - Slow                           Hexes                        2
   c - Inner Flame                    Hexes/Fire                   3
   d - Portal Projectile              Hexes/Translocation          3
   e - Cause Fear                     Hexes                        4
   f - Leda's Liquefaction            Hexes/Earth                  4
Miscellaneous
 B - a lightning rod (4/4)
Comestibles
 c - 17 rations


   Skills:
 + Level 7.5 Fighting
 + Level 10.0 Axes
 + Level 1.6 Throwing
 * Level 9.5 Armour
 + Level 1.7 Dodging
 * Level 8.7 Invocations


You had 10 spell levels left.
You didn't know any spells.

Dungeon Overview and Level Annotations

Branches:
Dungeon (9/15)             Temple (0/1) D:7            Lair (3/6) D:9
 Spider (0/4) Lair:2
  Swamp: Lair:2-4    Shoals: Lair:2-4       Orc: D:9-12

Altars:
Dithmenos
Elyvilon
Nemelex Xobeh
Qazlal
Wu Jian
Xom
Yredelemnul
The Shining One

Shops:
D:4 *   D:9 =

Annotations:
D:5 Prince Ribbit
Abyss:1 Maurice


Innate Abilities, Weirdness & Mutations

You have hooves in place of feet.
Armour fits poorly on your strangely shaped body.
You cover ground very quickly.
You have extremely tough skin. (AC +3)


Message History

The black mamba is severely wounded.
You feel sick.
The black mamba bites you but does no damage.
The black mamba bites you.
You are more poisoned.
The black mamba poisons you!
You closely miss the black mamba.
The black mamba is severely wounded.
You feel sick. The black mamba bites you.
* * * LOW HITPOINT WARNING * * *
The black mamba bites you!
* * * LOW HITPOINT WARNING * * *
The black mamba bites you but does no damage.
Unknown command.
You closely miss the black mamba.
The black mamba is severely wounded.
You feel sick. The black mamba bites you.
* * * LOW HITPOINT WARNING * * *
The black mamba bites you!
You die...

###.........# ######.......
#.......#.#####..##P.......
#.<.........†..=.##†.......
#....................##P.....
.#..>...............## .....
#...................# ###.
#...................#
..#.#...............##
.≈.#.##.##...(.S@....# ≈.⌠.#
#####.........#.#
#..$)..#.....##
##...#.#.##.##
......#.####..# ...#.####
##.# ###### .# .. ..#


You could see a black mamba.

Vanquished Creatures
  A queen ant (Lair:2)
  A wolf spider (Lair:2)
  An oklob plant (Lair:1)
  A black mamba (Lair:1)
  3 spiny frogs
  A troll (D:9)
  A jumping spider (Lair:2)
  2 hippogriffs
  A spriggan (D:9)
  Sigmund (D:6)
  8 yaks
  Grum (D:7)
  A wyvern (Lair:3)
  A hungry ghost (D:7)
  Menkaure (D:7)
  5 soldier ants (Lair:2)
  2 porcupines (Lair:1)
  4 water moccasins
  2 orc warriors (D:9)
  A sky beast (D:7)
  An eye of draining (D:8)
  2 ice beasts
  2 phantoms
  6 ogres
  8 wolves
  2 centaurs
  5 crocodiles
  8 bullfrogs
  A gnoll sergeant (D:7)
  A scorpion (D:5)
  6 killer bees (D:7)
  15 wights
  4 electric eels
  6 crimson imps
  A bullfrog zombie (D:9)
  4 howler monkeys
  A quasit (D:5)
  A centaur zombie (D:6)
  2 orc priests
  A jelly (D:5)
  7 hounds
  6 orc wizards
  A bullfrog skeleton (D:9)
  3 iguanas
  10 worker ants
  2 killer bee zombies
  A hound zombie (D:5)
  5 gnolls (D:7)
  A river rat (D:6)
  10 adders
  A white imp (Lair:3)
  2 oozes
  2 adder skeletons
  5 worms
  A dart slug (D:3)
  4 leopard geckos
  34 orcs
  7 bats
  8 giant cockroaches
  5 hobgoblins
  10 jackals
  2 quokkas (D:5)
  4 ball pythons
  2 frilled lizards
  A giant cockroach zombie (D:6)
  10 goblins
  4 kobolds
  A leopard gecko skeleton (D:5)
  A quokka zombie (D:5)
  6 rats
  A fungus (Lair:2)
  A plant (Lair:1)
274 creatures vanquished.

Vanquished Creatures (others)
  2 two-headed ogres (D:9)
  An oklob plant (Lair:1)
  2 komodo dragons (Lair:1)
  2 jumping spiders (Lair:2)
  2 electric eels (D:8)
  An orc (D:6)
  A fungus (Lair:2)
  14 plants
25 creatures vanquished.

Grand Total: 299 creatures vanquished

Notes
Turn   | Place    | Note
-------+----------+-------------------------------------------
     0 | Abyss:1  | Gargoyl the Centaur Abyssal Knight began the quest for the Orb.
     0 | Abyss:1  | Reached XP level 1. HP: 19/19 MP: 2/2
   124 | Abyss:2  | Noticed a large abomination
   144 | Abyss:2  | Noticed a bone dragon
   159 | D:1      | Escaped the Abyss
   902 | D:2      | Reached skill level 2 in Axes
   902 | D:2      | Reached XP level 2. HP: 25/26 MP: 3/3
  1051 | D:2      | Reached * piety under Lugonu
  1125 | D:2      | Reached XP level 3. HP: 21/33 MP: 4/4
  1456 | D:2      | Found a glowing golden altar of the Shining One.
  1570 | D:2      | Found a shimmering altar of Xom.
  2233 | D:3      | Reached XP level 4. HP: 38/40 MP: 5/5
  2257 | D:3      | Reached ** piety under Lugonu
  2630 | D:3      | Reached skill level 1 in Dodging
  2726 | D:4      | Reached skill level 3 in Axes
  2726 | D:4      | Reached XP level 5. HP: 36/46 MP: 6/6
  2874 | D:4      | Reached XP level 6. HP: 47/52 MP: 7/7
  2875 | D:4      | Found a basalt altar of Yredelemnul.
  2875 | D:4      | Found a white marble altar of Elyvilon.
  2959 | D:4      | Found Diudek's General Store.
  2965 | D:4      | Bought a scroll of teleportation for 36 gold pieces
  2995 | D:4      | Found a stormy altar of Qazlal.
  3005 | D:5      | Entered Level 5 of the Dungeon
  3265 | D:4      | Found a sparkling altar of Nemelex Xobeh.
  3273 | D:4      | Reached skill level 4 in Axes
  3537 | D:4      | Found an ornate altar of the Wu Jian Council.
  3874 | D:5      | Reached XP level 7. HP: 42/60 MP: 8/8
  3990 | D:5      | Reached skill level 1 in Throwing
  4025 | D:5      | Reached skill level 5 in Axes
  4026 | D:5      | Reached *** piety under Lugonu
  4860 | D:6      | Noticed Prince Ribbit
  5150 | D:6      | Noticed Sigmund
  5153 | D:6      | HP: 3/60 [bullfrog (6)]
  5158 | D:6      | HP: 3/60 [poisoned by an adder]
  5308 | D:6      | Killed Sigmund
  5308 | D:6      | Reached XP level 8. HP: 56/67 MP: 9/9
  5370 | D:6      | Reached skill level 6 in Axes
  5466 | D:6      | Reached skill level 5 in Armour
  6246 | D:7      | Reached **** piety under Lugonu
  6717 | D:7      | Reached skill level 5 in Fighting
  6731 | D:7      | Reached XP level 9. HP: 34/74 MP: 12/12
  7046 | D:7      | Noticed Menkaure
  7054 | D:7      | Reached skill level 7 in Axes
  7055 | D:7      | Killed Menkaure
  7285 | D:7      | Found a staircase to the Ecumenical Temple.
  7545 | D:7      | Found a shadowy altar of Dithmenos.
  7950 | D:8      | Noticed Grum
  7984 | D:8      | Reached skill level 5 in Invocations
  8018 | D:8      | HP: 4/111 [Grum/spear (9)]
  8230 | D:7      | Killed Grum
  8627 | D:8      | Noticed Maurice
  8636 | D:8      | Banished Maurice
  8724 | D:8      | Reached XP level 10. HP: 74/83 MP: 14/14
  9676 | D:9      | Reached skill level 8 in Axes
  9881 | D:9      | Found Paom Epu's Jewellery Boutique.
 10299 | D:9      | Noticed a two-headed ogre
 10311 | D:9      | Banished a two-headed ogre
 10449 | D:9      | Noticed a two-headed ogre
 10451 | D:9      | Banished a two-headed ogre
 10506 | D:9      | Found a staircase to the Lair.
 10828 | D:9      | Reached skill level 9 in Axes
 11033 | Lair:1   | Entered Level 1 of the Lair of Beasts
 11146 | Lair:1   | Reached XP level 11. HP: 33/91 MP: 16/16
 11868 | Lair:1   | Noticed an oklob plant
 11931 | Lair:1   | Noticed an oklob plant
 11934 | Lair:1   | Banished an oklob plant
 11947 | Lair:1   | Killed an oklob plant
 12065 | Lair:1   | HP: 1/92 [komodo dragon (13)]
 12577 | Lair:2   | Got a bloodstained chain mail
 12588 | Lair:2   | Identified the +5 chain mail of Teshree {Dex+5} (You found it on level 2 of the Lair of Beasts)
 13244 | Lair:2   | Noticed a queen ant
 13262 | Lair:2   | Killed a queen ant
 13268 | Lair:2   | HP: 2/92 [wyvern (6)]
 13277 | Lair:3   | HP: 3/92 [wyvern (11)]
 13607 | Lair:2   | Noticed a wolf spider
 13608 | Lair:2   | Found a hole to the Spider Nest.
 13621 | Lair:2   | Killed a wolf spider
 14088 | Lair:3   | Noticed an ice dragon
 14093 | Lair:3   | Banished an ice dragon
 14093 | Lair:3   | Reached skill level 10 in Axes
 14239 | Lair:3   | Slain by a black mamba

Skill      XL: |  1  2  3  4  5  6  7  8  9 10 11 |
---------------+----------------------------------+-----
Axes           | 2 3 4 5 6 7 9 10 | 10.0
Armour         | 2 3 4 5 7 8 9 |  9.5
Dodging        | 1 |  1.7
Fighting       | 4 5 6 7 |  7.5
Throwing       | 1 |  1.6
Invocations    | 4 5 7 8 |  8.7

Action                   |  1- 3 |  4- 6 |  7- 9 | 10-12 || total
-------------------------+-------+-------+-------+-------++-------
Melee: Hand axe          |   108 |   121 |   366 |       ||   595
       Kick              |    10 |    34 |   111 |   135 ||   290
       Battleaxe         |       |       |   175 |   465 ||   640
Throw: Javelin           |       |    10 |     3 |     7 ||    20
Invok: Depart the Abyss  |     1 |       |       |       ||     1
       Bend Space        |       |     1 |     1 |       ||     2
       Banish            |       |       |     3 |    14 ||    17
  Use: Scroll            |     6 |     2 |    15 |     9 ||    32
       Potion            |     1 |       |     7 |     4 ||    12
  Eat: Chunk             |     2 |     1 |       |    12 ||    15
       Ration            |       |     1 |    11 |     2 ||    14
Armor: Ring mail         |    39 |       |       |       ||    39
       Chain mail        |    28 |    42 |       |       ||    70
       Plate armour      |       |    44 |   553 |   427 ||  1024
Dodge: Dodged            |    38 |    15 |    94 |   106 ||   253
